Map: Rhoskallian LE

Players

qqq

  • Race: Zerg Zerg
  • Spawn Location: 11:00

Massa

  • Race: Terran Terran
  • League: Platinum
  • Spawn Location: 12:00

Maestro - Winner!

  • Race: Zerg Zerg
  • Spawn Location: 6:00

Fletcher - Winner!

  • Race: Zerg Zerg
  • Spawn Location: 5:00

VOD

Have the link to the VOD?

Description

Time

  • Played on: Nov. 3, 2020, 3:10 p.m.
  • Length: 12:10
Show
View Real Time Build Order
Export as new Build Order

qqq Zerg 

Build Orders: Hatch First, Zergling Baneling 

Get SALT Encoding   

  12  0:00  Drone  
  13  0:08  Drone  
  14  0:43  Hatchery  
  14  0:46  Drone  
  14  1:00  Spawning Pool  
  13  1:08  Overlord  
  13  1:12  Drone  
  14  1:19  Extractor  
  14  1:20  Drone  
  14  1:26  Drone  
  15  1:45  Overlord  
  15  1:46  Drone  
  16  1:50  Queen  
  18  1:57  Drone  
  18  1:58  Drone  
  20  2:06  Drone  
  20  2:07  Drone  
  22  2:27  Drone x2  
  22  2:29  Zergling x2  
  25  2:30  Zergling x2  
  25  2:33  Queen  
  28  2:40  Drone  
  29  2:46  Drone x2  
  29  2:50  Overlord  
  31  3:00  Drone  
  31  3:01  Extractor  
  31  3:08  Zergling x4  
  31  3:09  Metabolic Boost  
  31  3:12  Drone, Baneling Nest  
  33  3:20  Spine Crawler  
  33  3:21  Zergling x2  
  33  3:23  Zergling x2  
  34  3:31  Drone  
  35  3:37  Spine Crawler  
  35  3:38  Zergling x4  
  36  3:47  Drone x4  
  40  3:49  Zergling x2  
  41  3:58  Baneling x6  
  35  4:18  Zergling x6  
  35  4:19  Zergling x6  
  41  4:26  Baneling x2  
  41  4:27  Baneling  
  41  4:31  Zergling x6  
  43  4:32  Overlord x3  
  43  5:13  Baneling x2  
  43  5:14  Baneling  
  43  5:19  Zergling x8  
  43  5:20  Zergling x4  
  43  5:21  Drone x5  
  52  5:24  Extractor  
  53  5:38  Drone  
  53  5:39  Extractor  
  53  5:42  Drone  
  54  5:44  Drone x2  
  56  5:52  Drone  
  57  5:59  Drone x2, Zergling x2  
  61  6:04  Drone  
  61  6:07  Lair  
  61  6:10  Drone  
  62  6:23  Drone  
  62  6:24  Drone x3  
  66  6:36  Baneling x3  
  66  6:59  Drone, Hatchery  
  66  7:00  Drone, Overlord  
  66  7:01  Overlord x5  
  67  7:09  Extractor  
  66  7:17  Hatchery  
  65  7:27  Hatchery  
  63  7:34  Hatchery  
  59  8:00  Spire  
  59  8:01  Drone x4  
  59  8:02  Zergling x4, Infestation Pit  
  59  8:04  Hatchery  
  60  8:16  Baneling x3  
  59  8:31  Roach Warren, Overlord  
  59  8:32  Overlord x2  
  58  8:36  Queen  
  58  8:37  Drone  
  61  8:51  Baneling x2  
  61  8:54  Hive  
  61  8:55  Drone x5  
  64  9:02  Drone x3  
  69  9:03  Overlord x4  
  69  9:04  Zergling x14  
  69  9:05  Zergling x4  
  78  9:11  Spine Crawler  
  78  9:13  Spine Crawler  
  78  9:24  Drone x2  
  78  9:26  Spore Crawler  
  78  9:28  Spore Crawler  
  63  9:31  Spore Crawler  
  63  9:34  Drone x2, Hydralisk Den  
  63  9:35  Drone x5  
  63  9:36  Spore Crawler  
  63  9:37  Spore Crawler  
  63  9:38  Spore Crawler  
  61  9:39  Spore Crawler  
  61  9:42  Spore Crawler  
  61  9:43  Spore Crawler  
  61  9:44  Spore Crawler  
  54  9:46  Spore Crawler  
  54  9:47  Spore Crawler  
  54  9:52  Drone  
  50  9:54  Drone  
  50  9:55  Spore Crawler  
  50  9:56  Spore Crawler  
  48  10:03  Drone x3  
  48  10:04  Drone  
  52  10:10  Spore Crawler  
  44  10:24  Hydralisk, Muscular Augments  
  44  10:26  Hydralisk  
  44  10:27  Ultralisk Cavern  
  43  10:29  Drone  
  43  10:31  Drone  
  43  10:33  Drone  
  47  10:35  Drone  
  47  10:41  Spore Crawler  
  46  10:59  Evolution Chamber  
  46  11:02  Evolution Chamber  
  44  11:04  Hatchery  
  37  11:18  Anabolic Synthesis  
  36  11:22  Drone x4  
  36  11:24  Drone  
Show
View Real Time Build Order
Export as new Build Order

Massa Terran 

Build Orders:  

Get SALT Encoding   

  12  0:01  SCV  
  13  0:13  SCV  
  14  0:25  SCV, Supply Depot  
  15  0:32  Refinery  
  15  0:46  SCV  
  15  0:47  Barracks  
  16  0:52  Refinery  
  16  0:59  SCV  
  17  1:11  SCV  
  18  1:23  SCV  
  19  1:36  Orbital Command  
  19  1:39  Reaper  
  20  1:42  Bunker  
  20  1:50  Factory  
  20  2:04  SCV  
  21  2:12  Barracks Reactor  
  21  2:16  SCV  
  21  2:19  Supply Depot  
  22  2:28  SCV  
  23  2:36  Starport  
  23  2:41  Hellion  
  25  2:45  Supply Depot  
  25  2:46  SCV  
  26  2:52  Marine x2  
  28  3:03  Widow Mine  
  30  3:09  Supply Depot  
  30  3:10  Marine x2  
  31  3:35  Widow Mine  
  31  3:36  Medivac  
  35  3:43  Marine x2  
  37  3:50  SCV  
  38  4:01  Marine x2  
  32  4:13  Hellion  
  29  4:19  Marine x2  
  31  4:24  Command Center  
  31  4:37  Widow Mine, Marine x2  
  35  4:47  Liberator  
  38  4:55  Marine  
  39  5:00  Bunker  
  39  5:03  Supply Depot  
  39  5:11  Supply Depot  
  39  5:25  Widow Mine, Marine  
  39  5:26  Marine  
  43  5:30  Viking  
  45  5:38  Orbital Command  
  45  5:39  SCV  
  45  5:42  Marine  
  46  5:44  Marine  
  46  5:46  Widow Mine  
  50  6:05  Supply Depot  
  50  6:06  Supply Depot  
  50  6:11  SCV x2  
  52  6:18  Engineering Bay  
  52  6:23  SCV x2  
  54  6:28  Supply Depot  
  54  6:37  Marine x2  
  56  6:46  SCV x2  
  58  6:51  Missile Turret  
  58  6:55  Marine x2, Missile Turret  
  58  6:58  Factory Tech Lab, SCV  
  58  6:59  SCV  
  62  7:11  SCV x2  
  64  7:28  Marine  
  64  7:29  Marine  
  66  7:30  Medivac  
  66  7:36  Siege Tank  
  71  7:46  Marine x2  
  71  7:51  Barracks, Command Center  
  73  7:52  Barracks  
  73  8:04  Marine x2  
  75  8:08  Siege Tank  
  75  8:11  SCV x2  
  80  8:20  Armory, Terran Infantry Weapons Level 1  
  80  8:22  Marine x2  
  80  8:23  SCV x2, Engineering Bay  
  84  8:27  Missile Turret  
  84  8:30  Missile Turret  
  84  8:33  Refinery  
  84  8:35  SCV x2  
  84  8:40  Barracks Tech Lab x2  
  86  8:42  Marine x2  
  86  8:47  SCV x2  
  90  8:59  SCV  
  90  9:00  Marine x2  
  93  9:13  Sensor Tower, Siege Tank  
  93  9:15  Refinery  
  93  9:16  Medivac  
  98  9:17  Marine x2  
  98  9:18  Marine  
  98  9:20  Stimpack  
  98  9:28  Missile Turret x2  
  98  9:29  Barracks, Missile Turret  
  98  9:34  Orbital Command  
  98  9:36  Marauder x2  
  105  9:46  Medivac  
  105  9:47  Widow Mine  
  105  9:48  Missile Turret  
  106  9:57  Marauder  
  106  9:59  Marauder  
  106  10:09  Widow Mine  
  106  10:11  SCV x2  
  106  10:12  SCV  
  108  10:15  Marine  
  109  10:30  Supply Depot x2  
  109  10:32  Supply Depot  
  109  10:33  Supply Depot  
  109  10:52  Widow Mine, SCV x3, Marauder, Marine x4, Viking  
  109  10:57  Missile Turret  
  122  10:59  Missile Turret  
  122  11:00  Missile Turret  
  122  11:01  Missile Turret  
  122  11:04  SCV x2  
  122  11:09  Marine x2  
  122  11:10  Marine x2  
  128  11:13  Marine  
  129  11:22  Viking  
  131  11:27  Marine x4, Missile Turret  
  131  11:31  Marine  
  136  11:45  Marine x3  
  136  11:46  Marauder  
Show
View Real Time Build Order
Export as new Build Order

Maestro Zerg - Winner!

Build Orders: Pool First, Lurkers, Zergling Baneling 

Get SALT Encoding   

  12  0:05  Drone  
  13  0:12  Drone  
  14  0:18  Overlord  
  14  0:37  Spawning Pool  
  14  0:42  Drone x2  
  15  0:47  Extractor  
  15  0:49  Drone  
  16  1:18  Drone  
  16  1:23  Drone  
  16  1:24  Hatchery  
  16  1:27  Drone  
  17  1:33  Drone  
  18  1:51  Metabolic Boost  
  18  1:53  Drone x2  
  20  2:02  Queen  
  22  2:08  Overlord  
  22  2:26  Zergling x2  
  22  2:28  Zergling x2  
  24  2:35  Zergling x2  
  25  2:39  Zergling x2  
  26  2:47  Zergling x4  
  28  2:58  Drone, Baneling Nest  
  28  3:10  Zergling x6  
  31  3:16  Overlord  
  31  3:22  Zergling x2  
  31  3:24  Zergling x4  
  31  3:25  Zergling x2  
  35  3:30  Zergling x2  
  35  3:32  Overlord  
  35  3:43  Baneling x7  
  35  3:44  Baneling x3  
  35  3:45  Zergling x4  
  37  3:56  Zergling x6  
  37  3:58  Zergling x2  
  37  4:06  Zergling x2  
  37  4:07  Zergling x4  
  33  4:19  Zergling x4  
  34  4:34  Queen  
  34  4:36  Drone x3  
  39  4:41  Extractor  
  38  4:45  Lair  
  37  5:08  Drone  
  37  5:09  Drone x6  
  44  5:17  Baneling  
  44  5:18  Baneling  
  44  5:23  Drone x3  
  44  5:24  Drone  
  44  5:26  Extractor  
  47  5:33  Drone  
  47  5:35  Drone  
  49  5:41  Drone  
  50  5:51  Drone  
  50  5:57  Spore Crawler  
  50  6:02  Drone  
  49  6:34  Drone x2, Spore Crawler  
  49  6:35  Drone  
  51  6:57  Overlord x3  
  51  6:58  Overlord  
  51  7:03  Hydralisk Den  
  51  7:06  Overlord x3  
  50  7:13  Spore Crawler  
  49  7:33  Muscular Augments  
  49  7:38  Lurker Den  
  49  7:41  Drone, Hydralisk  
  49  7:42  Hydralisk x10  
  71  8:00  Hatchery  
  70  8:11  Extractor  
  61  8:17  Evolution Chamber  
  61  8:19  Evolution Chamber  
  57  8:28  Drone x5  
  57  8:31  Drone x4  
  66  8:38  Lurker x5  
  66  8:40  Hydralisk x2  
  75  8:44  Hydralisk  
  77  9:04  Zerg Missile Weapons Level 1  
  77  9:12  Hydralisk x2  
  77  9:13  Zergling x2  
  77  9:14  Zergling x12  
  88  9:36  Hydralisk x4  
  72  10:08  Hydralisk  
  72  10:09  Hydralisk x4  
  72  10:36  Drone  
  72  10:37  Drone x9  
  76  10:57  Drone x3  
  73  11:07  Infestation Pit  
  73  11:09  Drone x2  
  73  11:10  Drone  
  71  11:14  Extractor  
  71  11:15  Extractor, Hydralisk x3  
  75  11:19  Hydralisk  
  75  11:21  Hydralisk  
  75  11:23  Hatchery, Hydralisk  
  80  11:37  Drone x2  
  80  11:38  Drone x3  
  85  11:40  Drone x2  
  85  11:43  Hydralisk x2  
Show
View Real Time Build Order
Export as new Build Order

Fletcher Zerg - Winner!

Build Orders: Pool First 

Get SALT Encoding   

  12  0:02  Drone  
  13  0:08  Drone  
  14  0:17  Overlord  
  14  0:35  Drone  
  14  0:36  Drone x2  
  17  0:49  Spawning Pool  
  16  0:54  Drone  
  16  0:55  Extractor  
  16  1:07  Drone  
  17  1:21  Drone  
  17  1:22  Drone  
  19  1:51  Hatchery  
  18  1:58  Queen  
  20  2:22  Metabolic Boost  
  20  2:28  Zergling x4  
  22  2:50  Overlord  
  22  3:03  Zergling x6  
  25  3:09  Queen  
  27  3:16  Zergling x2  
  27  3:17  Zergling x4  
  30  3:23  Extractor, Drone  
  30  3:32  Drone  
  31  3:39  Overlord  
  31  3:47  Zergling x6  
  26  4:12  Zergling x2  
  26  4:13  Zergling x2  
  28  4:22  Lair  
  28  4:47  Drone x2  
  28  4:48  Drone x6  
  28  4:49  Drone  
  37  5:04  Extractor  
  37  5:06  Extractor  
  35  5:08  Zergling x6  
  35  5:09  Zergling x10  
  43  5:26  Spire  
  43  5:28  Drone x2  
  44  5:36  Overlord x3  
  44  5:38  Overlord  
  44  5:56  Spore Crawler  
  43  5:59  Spore Crawler  
  42  6:04  Spore Crawler  
  42  6:08  Drone  
  42  6:09  Drone x6  
  48  6:19  Drone x2  
  50  6:26  Drone  
  50  6:28  Drone x2  
  53  6:50  Drone x4  
  57  7:02  Zerg Flyer Armor Level 1  
  57  7:19  Drone x3  
  59  7:31  Mutalisk x2  
  59  7:32  Mutalisk x5  
  59  7:36  Mutalisk x2  
  76  7:41  Spine Crawler  
  75  7:52  Overlord x4  
  75  8:13  Drone x2  
  77  8:26  Mutalisk x2  
  77  8:27  Mutalisk x5  
  91  8:38  Mutalisk x4  
  98  8:51  Mutalisk  
  100  9:00  Zerg Flyer Weapons Level 1  
  100  9:08  Overlord x4  
  100  9:18  Spine Crawler  
  99  9:28  Mutalisk x2  
  99  9:29  Mutalisk x5  
  111  9:47  Mutalisk x2  
  115  9:53  Overlord  
  115  9:54  Overlord x3  
  115  10:14  Mutalisk x3  
  115  10:18  Hatchery  
  120  10:56  Mutalisk x2  
  118  10:58  Extractor x2  
  120  11:19  Drone  
  120  11:20  Drone x6  
  127  11:30  Mutalisk x3  
Tags
 
Add a new tag
Caveats
  • Supply blocks, unpowered buildings, or Contaminate may cause inaccurate times.
  • Supply counts are checked every 10 seconds.